 Dungeon Crawl Stone Soup version 0.23-a0-38-g6d804a8 (webtiles) character file.

3914 Gorice the Arsonist (level 10, -26/50 HPs)
             Began as a Deep Elf Fire Elementalist on Aug 5, 2018.
             Was a Priest of Vehumet.
             Annihilated by a two-headed ogre
             ... wielding a +0 giant club
              (28 damage)
             ... on level 8 of the Dungeon.
             The game lasted 00:49:42 (8568 turns).

Gorice the Arsonist (Deep Elf Fire Elementalist)    Turns: 8568, Time: 00:49:43

Health: -26/50     AC:  4    Str:  5    XL:     10   Next: 1%
Magic:  9/24       EV: 13    Int: 24    God:    Vehumet [***...]
Gold:   432        SH:  0    Dex: 15    Spells: 8/26 levels left

rFire    + . .     SeeInvis +   a - staff of fire
rCold    . . .     Gourm    .   (no shield)
rNeg     . . .     Faith    .   o - +1 robe
rPois    .         Spirit   .   (no helmet)
rElec    .         Reflect  .   (no cloak)
rCorr    .         Harm     .   (no gloves)
MR       ++...                  j - +0 pair of boots
Stlth    ++........             (no amulet)
HPRegen  0.16/turn              m - ring of protection from magic
MPRegen  0.19/turn              i - ring of see invisible

@: no status effects
A: no striking features
a: Renounce Religion


You were on level 8 of the Dungeon.
You worshipped Vehumet.
Vehumet was most pleased with you.
You were near starving.

You visited 2 branches of the dungeon, and saw 9 of its levels.
You also visited: Ossuary.

You collected 432 gold pieces.

Inventory:

Hand Weapons
 b - a +0 short sword of freezing
   (You took it off an orc priest on level 5 of the Dungeon)
Missiles
 Y - 277 stones (quivered)
Armour
 j - a +0 pair of boots (worn)
 o - a +1 robe (worn)
Magical Staves
 a - an uncursed staff of fire (weapon)
 g - an uncursed staff of wizardry
Jewellery
 i - a ring of see invisible (right hand)
 m - a ring of protection from magic (left hand)
 r - an uncursed amulet of guardian spirit
Wands
 s - a wand of digging (9)
 y - a wand of flame (23)
 B - a wand of iceblast (8)
Scrolls
 f - 7 scrolls of remove curse
 h - a scroll of enchant weapon
 t - a scroll of teleportation {!r}
 u - a scroll of amnesia
 z - a scroll of enchant armour
 A - a scroll of summoning {!r}
Potions
 d - 5 potions of curing
 e - a potion of ambrosia
 k - 4 potions of lignification {!q}
 l - a potion of heal wounds {!q}
 p - a potion of resistance {!q}
 q - 4 potions of flight
 v - a potion of magic {!q}
 w - a potion of mutation {!q}
 x - a potion of brilliance {unknown}
Comestibles
 c - 10 rations


   Skills:
 - Level 2.4 Dodging
 - Level 2.4 Stealth
 + Level 8.7 Spellcasting
 * Level 10.2 Conjurations
 * Level 10.3 Fire Magic


You had 8 spell levels left.
You knew the following spells:

 Your Spells              Type           Power        Failure   Level  Hunger
a - Flame Tongue          Conj/Fire      #####        1%          1    None
b - Throw Flame           Conj/Fire      ######       1%          2    None
c - Conjure Flame         Conj/Fire      ######..     1%          3    None
d - Sticky Flame          Conj/Fire      ######..     1%          4    ##.....
e - Fireball              Conj/Fire      ######....   1%          5    ####...
s - Stone Arrow           Conj/Erth      #####.       1%          3    None

Your spell library contained the following spells:

 Spells                   Type           Power        Failure   Level  Hunger
 Confuse                  Hex            ##......     19%         3    None
 Confusing Touch          Hex            ##....       6%          1    None
 Metabolic Englaciation   Hex/Ice        ##........   86%         5    ####...
 Petrify                  Tmut/Erth      ##......     52%         4    ##.....
 Inner Flame              Hex/Fire       ######..     1%          3    None
 Gell's Gravitas          Tloc           ##........   19%         3    None
 Yara's Violent Unravell  Hex/Tmut       ##........   38%         5    ####...


Dungeon Overview and Level Annotations

Branches:
Dungeon (8/15)             Temple (1/1) D:4
   Lair: D:8-11

Altars:
Ashenzari
Cheibriados
Dithmenos
Elyvilon
Fedhas
Gozag
Hepliaklqana
Kikubaaqudgha
Makhleb
Nemelex Xobeh
Okawaru
Qazlal
Ru
Sif Muna
Trog
Uskayaw
Vehumet
Xom
Yredelemnul
Zin
The Shining One

Shops:
D:4 (   D:5 }*:[   D:6 [

Annotations:
D:3 biddum's ghost, amateur DsFi


Message History

Unknown command.
Unknown command.
Unknown command.
The two-headed ogre burns!
Casting: Sticky Flame (safe; 1% risk of failure)
Confirm with . or Enter, or press ? or * to list all spells.
Aiming: Fireball (safe; 1% risk of failure)
Press: ? - help, Shift-Dir - straight line, f/p - two-headed ogre
Aim: a two-headed ogre, wielding two giant clubs (flame, severely wounded, covered in liquid flames)
You feel a surge of power!
The fireball explodes!
The fireball engulfs the two-headed ogre.
You kill the two-headed ogre!
Vehumet accepts your kill.
Your Conjurations skill increases to level 10!
Your Fire Magic skill increases to level 10!
You hear a shout!
Casting: Fireball (safe; 1% risk of failure)
Confirm with . or Enter, or press ? or * to list all spells.
Aiming: Fireball (safe; 1% risk of failure)
Press: ? - help, Shift-Dir - straight line, f - orc warrior
Aim: an orc warrior, wielding a dire flail and wearing a chain mail (moderately wounded)
You feel a surge of power!
The fireball explodes!
The fireball engulfs the orc warrior.
You kill the orc warrior!
Vehumet accepts your kill.
You feel your power returning.
You have reached level 10!
The fireball engulfs the orc.
You kill the orc!
Vehumet accepts your kill.
You are near starving!
You hear a shout! x2
Your magical contamination has completely faded away.
Unknown command.
Unknown command.
Okay, then.
Things that are here:
a dire flail; a chain mail A worker ant comes into view.
Things that are here:
a giant club x2
An orc comes into view. It is wielding a club.
There is a stone staircase leading up here.
The worker ant waves its antennae.
The two-headed ogre hits you with a giant club!!
Ouch! That really hurt!
* * * LOW HITPOINT WARNING * * *
The two-headed ogre hits you with a giant spiked club!!
Ouch! That really hurt!
You die...

. ...#.# . .## ..#.#
#. ..# #.#.. .. #.#
#.#.##.# ##.##
#.O....#. ...
#........ #.#
#........ ##@##
#...##.?. ##.O.#
#...##... #.a#.#
#..###... #....#
##..###... #.######
##.......o. #.#
#..###...#####o# #.#
#........#####O#
#.###......<....##.#
#...a........##.##.#


You could see a two-headed ogre and a worker ant.

Vanquished Creatures
  A two-headed ogre (D:8)
  Joseph (D:7)
  Grinder (D:4)
  A spriggan (D:7)
  Menkaure (D:4)
  Edmund (D:6)
  An ice beast (D:7)
  2 sky beasts (D:5)
  2 eyes of draining (D:3)
  An orc warrior (D:8)
  2 centaurs
  3 ogres
  3 bullfrogs
  3 scorpions
  2 howler monkeys
  2 human zombies (Ossuary)
  2 bullfrog zombies
  4 centaur zombies
  2 jellies
  2 orc priests
  2 orc wizards
  6 worker ants
  Natasha (thrice) (D:4)
  2 big kobold zombies (Ossuary)
  2 mummies (Ossuary)
  A gnoll (D:3)
  10 adders
  4 oozes
  2 adder skeletons
  2 worms
  6 dart slugs
  5 leopard geckos
  13 orcs
  2 ball pythons
  7 bats
  3 giant cockroaches
  12 goblins
  7 hobgoblins
  8 jackals
  8 quokkas
  3 frilled lizards
  A giant cockroach zombie (D:5)
  3 goblin zombies
  8 hobgoblin zombies (Ossuary)
  A jackal skeleton (D:4)
  2 jackal zombies (Ossuary)
  8 kobolds
  10 kobold zombies (Ossuary)
  A leopard gecko skeleton (D:6)
  9 orc zombies (Ossuary)
  A quokka skeleton (D:4)
  10 rats
199 creatures vanquished.

Notes
Turn   | Place    | Note
-------+----------+-------------------------------------------
     0 | D:1      | Gorice the Deep Elf Fire Elementalist began the quest for the Orb.
     0 | D:1      | Reached XP level 1. HP: 10/10 MP: 6/6
   144 | D:1      | Reached skill level 2 in Conjurations
   208 | D:1      | Reached XP level 2. HP: 10/15 MP: 1/8
   478 | D:1      | Reached skill level 3 in Conjurations
  1010 | D:2      | Reached XP level 3. HP: 19/19 MP: 5/9
  1014 | D:2      | Learned a level 2 spell: Throw Flame
  1018 | D:2      | Learned a level 3 spell: Conjure Flame
  1414 | D:2      | Reached XP level 4. HP: 18/24 MP: 5/10
  1774 | D:2      | Reached skill level 4 in Fire Magic
  2109 | D:3      | Reached skill level 4 in Conjurations
  2481 | D:3      | Reached XP level 5. HP: 28/28 MP: 9/12
  2667 | D:3      | HP: 7/28 [adder (2)]
  2673 | D:3      | HP: 5/28 [poisoned by an adder]
  2681 | D:3      | HP: 3/28 [poisoned by an adder]
  3087 | D:3      | Noticed an eye of draining
  3088 | D:3      | Found a bloodstained altar of Trog.
  3088 | D:3      | Noticed an eye of draining
  3146 | D:3      | Reached skill level 4 in Spellcasting
  3184 | D:3      | Learned a level 4 spell: Sticky Flame
  3472 | D:3      | Killed an eye of draining
  3472 | D:3      | Reached skill level 5 in Fire Magic
  3472 | D:3      | Reached XP level 6. HP: 32/32 MP: 4/14
  3569 | D:3      | Reached skill level 5 in Conjurations
  3826 | D:4      | Noticed Menkaure
  3829 | D:4      | Killed Menkaure
  3918 | D:4      | Found a shimmering altar of Xom.
  3918 | D:4      | Found a shimmering altar of Xom.
  3919 | D:4      | Found a shimmering altar of Xom.
  3919 | D:4      | Found a shimmering altar of Xom.
  3920 | D:4      | Found a shimmering altar of Xom.
  3951 | D:4      | Reached XP level 7. HP: 33/36 MP: 8/16
  3975 | D:4      | Found a staircase to the Ecumenical Temple.
  3997 | Temple   | Entered the Ecumenical Temple
  4007 | Temple   | Became a worshipper of Vehumet
  4115 | D:4      | Reached skill level 5 in Spellcasting
  4146 | D:4      | Found a runed door.
  4150 | D:4      | Found Myoffeck's Antique Weapon Shop.
  4174 | D:4      | Found a glowing golden altar of the Shining One.
  4220 | D:4      | Noticed Natasha
  4239 | D:4      | Killed Natasha
  4239 | D:4      | Reached skill level 6 in Fire Magic
  4256 | D:4      | Noticed Grinder
  4281 | D:3      | Learned a level 5 spell: Fireball
  4401 | D:4      | Killed Grinder
  4401 | D:4      | Reached skill level 6 in Conjurations
  4429 | D:4      | Noticed Natasha
  4432 | D:4      | Killed Natasha
  4464 | D:4      | Noticed biddum's ghost (amateur DsFi)
  4476 | D:4      | Noticed Natasha
  4563 | D:2      | Found a burning altar of Makhleb.
  4774 | D:4      | Killed Natasha
  4881 | D:5      | Entered Level 5 of the Dungeon
  4941 | D:5      | Reached skill level 7 in Fire Magic
  4941 | D:5      | Reached XP level 8. HP: 41/41 MP: 2/18
  5077 | D:5      | Reached skill level 6 in Spellcasting
  5077 | D:5      | Reached skill level 7 in Conjurations
  5145 | D:5      | Reached * piety under Vehumet
  5145 | D:5      | Offered knowledge of Sting by Vehumet.
  5276 | D:5      | Found a blossoming altar of Fedhas.
  5979 | D:5      | Found Evi Afrum's Assorted Antiques.
  5983 | D:5      | Found Xuhuovor's Antique Armour Boutique.
  5983 | D:5      | Found Wenn's Gadget Boutique.
  5983 | D:5      | Found Jaubroxo's Book Boutique.
  6211 | D:6      | HP: 8/41 [centaur (9)]
  6216 | D:6      | HP: 4/41 [centaur (1)]
  6217 | D:6      | Reached skill level 8 in Conjurations
  6217 | D:6      | Reached skill level 8 in Fire Magic
  6291 | D:6      | Noticed Edmund
  6293 | D:5      | HP: 11/41 [crimson imp (3)]
  6714 | D:6      | Reached skill level 7 in Spellcasting
  6955 | D:6      | Reached XP level 9. HP: 36/45 MP: 17/21
  7001 | D:6      | Found Vafeuqeh's Antique Armour Shop.
  7031 | D:6      | Killed Edmund
  7184 | D:6      | Found a bloodstained altar of Trog.
  7283 | D:7      | Found a sand-covered staircase.
  7299 | Ossuary  | Entered an ossuary
  7368 | Ossuary  | Offered knowledge of Magic Dart by Vehumet.
  7390 | Ossuary  | Reached ** piety under Vehumet
  7547 | Ossuary  | Reached skill level 9 in Fire Magic
  7559 | Ossuary  | Offered knowledge of Stone Arrow by Vehumet.
  7568 | Ossuary  | Learned a level 3 spell: Stone Arrow
  7648 | Ossuary  | Identified a scroll of acquirement
  7723 | D:7      | Noticed Joseph
  7737 | D:7      | Killed Joseph
  7737 | D:7      | Reached skill level 9 in Conjurations
  7753 | D:7      | Found a white marble altar of Elyvilon.
  7839 | D:7      | Reached skill level 8 in Spellcasting
  7896 | D:7      | Reached *** piety under Vehumet
  8513 | D:8      | Noticed a two-headed ogre
  8519 | D:8      | Noticed a two-headed ogre
  8538 | D:8      | Killed a two-headed ogre
  8538 | D:8      | Reached skill level 10 in Conjurations
  8538 | D:8      | Reached skill level 10 in Fire Magic
  8540 | D:8      | Reached XP level 10. HP: 23/50 MP: 3/24
  8568 | D:8      | HP: 2/50 [two-headed ogre/giant club (25)]
  8568 | D:8      | Annihilated by a two-headed ogre

Vault maps used:
D:1:      nzn_arrival_settlement, serial_co_window_serial, co_window_corner_a,
          co_window_paths_b, co_window_of_opportunity_a, co_window_paths_a,
          co_window_paths_b, co_window_2corner, co_window_2corner,
          co_window_corner_ca, co_window_corner_b, co_window_paths_e,
          glass_columns_b, glass_columns_b, glass_columns_a
D:2:      nicolae_overflow_hidden_temple
D:3:      trog_eyes_of_draining
D:4:      xom_redecorated, minmay_temple_entry_trees, serial_shops,
          nicolae_shop_statue_plus, serial_glass, glass_columns_a,
          glass_columns_b, ebering_ghost_sewer_d, tso_altar, uniq_menkaure,
          uniq_natasha, uniq_grinder
D:5:      overflow_temple_1_default, first_ration, minmay_shop_grid_forest
D:6:      kennysheep_mini_moat, serial_shops, nicolae_shop_behind_doors,
          uniq_edmund
D:7:      lemuel_crystal_altar, enter_ossuary_4, the_bakery,
          hangedman_glass_garden, uniq_joseph
D:8:      minmay_separated_statues, marbit_many_paths, minmay_misc_feat_pillars,
          uniq_pikel
Temple:   lightli_temple_of_artemis
Ossuary:  ossuary_tomb_1

Skill      XL: |  1  2  3  4  5  6  7  8  9 |
---------------+----------------------------+-----
Conjurations   | 2 3 4 5 6 8 10 | 10.2
Fire Magic     | 4 5 7 8 10 | 10.3
Spellcasting   | 4 5 7 8 |  8.7
Dodging        | |  2.4
Stealth        | |  2.4

Action                   |  1- 3 |  4- 6 |  7- 9 | 10-12 || total
-------------------------+-------+-------+-------+-------++-------
Melee: Unarmed           |       |     2 |       |       ||     2
       Staff             |       |     1 |    92 |       ||    93
       Short sword       |       |       |    27 |       ||    27
 Cast: Flame Tongue      |    48 |   112 |    78 |       ||   238
       Sticky Flame      |       |     3 |    16 |       ||    19
       Throw Flame       |       |    10 |    63 |       ||    73
       Conjure Flame     |       |     3 |    27 |       ||    30
       Fireball          |       |       |    13 |     1 ||    14
Evoke: Wand              |       |       |     1 |       ||     1
  Use: Scroll            |     4 |     5 |    11 |       ||    20
       Potion            |       |       |     1 |       ||     1
  Eat: Chunk             |     1 |     9 |    11 |       ||    21
       Ration            |       |       |     2 |       ||     2
Armor: Robe              |     1 |     7 |    22 |       ||    30
Dodge: Dodged            |     8 |    26 |   109 |       ||   143

Table legend:
 A = Spawn XP
 B = Non-spawn XP
 C = Spawn XP percentage of total XP
 D = Spawn monster count
 E = Non-spawn monster count
 F = Spawn count percentage of total count
 G = Total turns spent on level
                    A         B        C        D         E        F      G
               +---------+---------+-------+---------+---------+-------+---------
         Total |       0 |    5592 |   0.0 |       0 |     199 |   0.0 |  8568
               +---------+---------+-------+---------+---------+-------+---------
           D:1 |       0 |      43 |   0.0 |       0 |      19 |   0.0 |  1153
           D:2 |       0 |     104 |   0.0 |       0 |      29 |   0.0 |   989
           D:3 |       0 |     393 |   0.0 |       0 |      39 |   0.0 |  2086
           D:4 |       0 |     800 |   0.0 |       0 |      19 |   0.0 |  1260
           D:5 |       0 |     743 |   0.0 |       0 |      19 |   0.0 |   927
           D:6 |       0 |     894 |   0.0 |       0 |      20 |   0.0 |   742
           D:7 |       0 |    1215 |   0.0 |       0 |      11 |   0.0 |   886
           D:8 |       0 |    1056 |   0.0 |       0 |       4 |   0.0 |    63
       Ossuary |       0 |     344 |   0.0 |       0 |      39 |   0.0 |   353
               +---------+---------+-------+---------+---------+-------+---------

Table legend:
 A = Turns spent in this place as a percentage of turns spent in the entire game.
 B = Non-inter-level travel turns spent in this place as a percentage of non-inter-level travel turns spent in the entire game.
 C = Inter-level travel turns spent in this place as a percentage of turns spent in this place.
 D = Turns resting spent in this place as a percentage of non-inter-level travel turns spent in this place.
 E = Turns spent auto-exploring this place as a percentage of non-inter-level travel turns spent in this place.
 F = Non-inter-level travel turns spent in this place divided by the number of levels of this place that you've seen.
                   A       B       C       D       E      F
               +-------+-------+-------+-------+-------+----------------------
         Total | 100.0 | 100.0 |   2.6 |  31.7 |  32.1 | 834.9
       Dungeon |  94.6 |  94.6 |   2.6 |  33.1 |  33.0 | 987.1
        Temple |   1.3 |   1.2 |   9.2 |   0.0 |  75.8 |  99.0
       Ossuary |   4.1 |   4.2 |   0.0 |   8.8 |   0.0 | 353.0
               +-------+-------+-------+-------+-------+----------------------

Vault maps used:
D:1:      nzn_arrival_settlement, serial_co_window_serial, co_window_corner_a,
          co_window_paths_b, co_window_of_opportunity_a, co_window_paths_a,
          co_window_paths_b, co_window_2corner, co_window_2corner,
          co_window_corner_ca, co_window_corner_b, co_window_paths_e,
          glass_columns_b, glass_columns_b, glass_columns_a
D:2:      nicolae_overflow_hidden_temple
D:3:      trog_eyes_of_draining
D:4:      xom_redecorated, minmay_temple_entry_trees, serial_shops,
          nicolae_shop_statue_plus, serial_glass, glass_columns_a,
          glass_columns_b, ebering_ghost_sewer_d, tso_altar, uniq_menkaure,
          uniq_natasha, uniq_grinder
D:5:      overflow_temple_1_default, first_ration, minmay_shop_grid_forest
D:6:      kennysheep_mini_moat, serial_shops, nicolae_shop_behind_doors,
          uniq_edmund
D:7:      lemuel_crystal_altar, enter_ossuary_4, the_bakery,
          hangedman_glass_garden, uniq_joseph
D:8:      minmay_separated_statues, marbit_many_paths, minmay_misc_feat_pillars,
          uniq_pikel
Temple:   lightli_temple_of_artemis
Ossuary:  ossuary_tomb_1
